Cogmind - Beta 13 @@@ ROGUE MODE // 2024.04.03 @ 01:05:52 Player: lazy_engineer Result: Destroyed by S-10 Pest with Light Assault Rifle Performance ------------- Evolutions (0) 0 Regions Visited (1) 200 Robots Destroyed (19) 95 Value Destroyed (448) 448 Prototype IDs (0) 0 Alien Tech Used (0) 0 Bonus (0) 0 TOTAL SCORE: 743 Bonus ------- None Cogmind --------- Core Integrity 0/250 Matter 151/300 Energy 72/100 System Corruption 1% Temperature Cool (0) Movement Walking (330) Ox3 Location -10/Materials Parts ------- > --- POWER (1) -------- (None) > --- PROPULSION (2) --- Aluminum Leg > --- UTILITY (2) ------ High-capacity Storage Unit Signal Interpreter > --- WEAPON (2) ------- (None) > --- INVENTORY (20) --- Light Ion Engine Small Storage Unit Improved Terrain Scanner Terrain Scan Processor Peak State ------------ > --- POWER ------------ Light Ion Engine > --- PROPULSION ------- Improved Hover Unit Improved Hover Unit > --- UTILITY ---------- Small Storage Unit Hacking Suite > --- WEAPON ----------- Light Assault Rifle Light Assault Rifle > --- INVENTORY -------- Light Ion Engine Light Treads Small Storage Unit Signal Interpreter Improved Terrain Scanner Terrain Scan Processor Light Assault Rifle Mining Laser [Rating: 12] Favorites ----------- Power Light Ion Engine Engine Light Ion Engine Propulsion Light Treads Treads Light Treads Leg Aluminum Leg Hover Unit Improved Hover Unit Utility Small Storage Unit Storage Small Storage Unit Processor Signal Interpreter Hackware Hacking Suite Weapon Light Assault Rifle Ballistic Gun Light Assault Rifle Special Weapon Plasma Cutter Build | -11 -10 ------- Run | Yrd Mat Slots Evolved . | . . Power . | . . Propulsion . | . . Utility . | . . Weapon . | . . Parts Attached 20 | 7 13 Power 1 | 1 . Engine 1 | 1 . Core . | . . Reactor . | . . Propulsion 9 | 2 7 Treads 2 | 2 . Leg 1 | . 1 Wheel . | . . Hover 6 | . 6 Flight . | . . Utility 5 | 2 3 Device . | . . Storage 3 | 2 1 Processor 1 | . 1 Hackware 1 | . 1 Protection . | . . Artifact . | . . Weapon 5 | 2 3 Energy Gun . | . . Energy Cannon . | . . Ballistic Gun 3 | 2 1 Ballistic Cannon . | . . Launcher . | . . Special Weapon 2 | . 2 Impact Weapon . | . . Slashing Weapon . | . . Piercing Weapon . | . . Special Melee Weapon . | . . Unidentified Prototypes . | . . Parts Lost 11 | . 11 Power 1 | . 1 Propulsion 5 | . 5 Utility 1 | . 1 Weapon 4 | . 4 Highest Loss Streak 4 | . 4 To Critical Strikes . | . . Average Slot Usage (%) 94 | . 94 Engine 12 | . 12 Treads 19 | . 19 Hover 5 | . 5 Storage 15 | . 15 Processor 3 | . 3 Hackware 8 | . 8 Ballistic Gun 26 | . 26 Naked Turns . | . . Heaviest Build 45 | 15 45 Greatest Support 40 | 40 40 Greatest Overweight (x) 13 | . 13 Average Overweight (x) . | . . Largest Inventory Capacity 20 | 8 20 Average Capacity 10 | 7 11 Most Carried 9 | 5 9 Average Carried 6 | 2 7 Final Capacity 20 | 8 20 Final Carried 5 | 5 4 Class Distribution -------------------- 100% | Mutant Dominant Class ---------------- Mutant | -10/Materials Resources | -11 -10 ----------- Run | Yrd Mat Matter Collected 378 | 145 233 Remotely . | . . Salvage Created 605 | 106 499 Parts 51 | 8 43 Haulers Intercepted . | . . Recyclers Shooed . | . . Parts Field Recycled . | . . Retrieved Matter . | . . Parts Self-Destructed . | . . Prevented . | . . Kills | -11 -10 ------- Run | Yrd Mat Combat Hostiles Destroyed 12 | . 12 Guns 11 | . 11 Cannons 1 | . 1 Classes Destroyed 7 | 2 5 Builder 2 | . 2 Tunneler 2 | 2 . Recycler 1 | 1 . Operator 1 | . 1 Watcher 1 | . 1 Swarmer 2 | . 2 Grunt 10 | . 10 Best Kill Streak 2 | 2 2 Combat Bots Only 2 | . 2 Max Kills in Single Turn 1 | 1 1 Gunslinging . | . . Exploded . | . . Melee . | . . Uniques/NPCs Destroyed . | . . Combat | -11 -10 -------- Run | Yrd Mat Hostile Shots Fired 102 | . 102 Missed 19 | . 19 Damage Taken 916 | . 916 Core 254 | . 254 Absorbed by Shields . | . . Core Remaining (%) 100 | 100 . Volleys Fired 104 | 22 82 Largest 2 | 2 2 Hottest 40 | 40 40 Shots Fired 192 | 44 148 Gun 182 | 44 138 Cannon . | . . Launcher . | . . Special 10 | . 10 Kinetic 182 | 44 138 Thermal 10 | . 10 Explosive . | . . Electromagnetic . | . . Robot Hit Streak 13 | 9 13 Robot Miss Streak 7 | 3 7 Penetration Max . | . . Secondary Targets . | . . Shots Hit Robots 115 | 29 86 Core Hits 39 | 5 34 Critical Kills 1 | . 1 Critical Parts Destroyed . | . . Critical Strikes 1 | . 1 Destroy 1 | . 1 Melee Attacks . | . . Impact . | . . Slashing . | . . Piercing . | . . Sneak Attacks . | . . Combat Hostiles . | . . Follow-up Attacks . | . . Damage Inflicted 971 | 234 737 Guns 907 | 234 673 Cannons . | . . Explosions . | . . Melee . | . . Ramming . | . . Kinetic 907 | 234 673 Thermal 64 | . 64 Explosive . | . . Electromagnetic . | . . Impact . | . . Slashing . | . . Piercing . | . . Highest Corruption 1 | . 1 Average Corruption 1 | . 1 Corruption Purged . | . . Corruption Blocked . | . . Effects 2 | . 2 Energy Discharges 2 | . 2 Overload Shots . | . . Overflow Damage . | . . Projectiles . | . . Explosions . | . . Melee . | . . Knockbacks . | . . Impact . | . . Kinetic . | . . Secondary . | . . Self-Inflicted Damage . | . . Shots . | . . Rammed . | . . Targets Rammed . | . . Kicked . | . . Crushed . | . . Highest Temperature 35 | . 35 Average Temperature 11 | . 11 Received Heat Transfer 390 | . 390 Siege Activations . | . . Robots Corrupted . | . . Combat Hostiles . | . . Parts Fried . | . . Impact Corruptions . | . . Robots Melted . | . . Combat Hostiles . | . . Parts Melted . | . . Heat Transferred 222 | . 222 Parts Sabotaged . | . . Parts Stolen . | . . Parts Stripped . | . . Power Chain Reactions . | . . Alert | -11 -10 ------- Run | Yrd Mat Peak Influence 170 | 15 170 Initial 9 | . 9 Average 59 | 5 65 Maximum Alert Level . | . . Low Security (%) 100 | 100 100 Level 1 . | . . Level 2 . | . . Level 3 . | . . Level 4 . | . . Level 5 . | . . High Security . | . . Max Security . | . . Squads Dispatched 2 | . 2 Investigation 2 | . 2 Extermination . | . . Reinforcement . | . . Assault . | . . Garrison . | . . Intercept . | . . Searches Triggered . | . . Construction Impeded . | . . Haulers Reinforced . | . . Active Scanning Responses . | . . Cargo Convoy Interrupts . | . . Stealth | -11 -10 --------- Run | Yrd Mat Distress Signals . | . . Communications Jammed . | . . Distress Signals . | . . Times Spotted 30 | . 30 Peak Tracking Total 3 | . 3 Tactical Retreats 1 | . 1 Traps | -11 -10 ------- Run | Yrd Mat Traps Triggered . | . . Indirectly . | . . Trap Hack Attempts . | . . Triggered . | . . Disarmed . | . . Reprogrammed 1 | . 1 Reused . | . . Traps Extracted . | . . Installed . | . . Triggered . | . . Machines | -11 -10 ---------- Run | Yrd Mat Machines Disabled . | . . Max in Single Turn . | . . Machines Repaired . | . . Machines Dismantled . | . . Machines Sabotaged . | . . Overloaded Fab Kills . | . . Hacking | -11 -10 --------- Run | Yrd Mat Machines Accessed 6 | . 6 Terminals 5 | . 5 Fabricators . | . . Repair Stations . | . . Recycling Units 1 | . 1 Scanalyzers . | . . Garrison Access . | . . Total Hacks 28 | . 28 Successful 18 | . 18 Failed 10 | . 10 Catastrophic . | . . Database Lockouts . | . . Manual 16 | . 16 Terminals 26 | . 26 Fabricators . | . . Repair Stations . | . . Recycling Units 2 | . 2 Scanalyzers . | . . Garrison Access . | . . Terminal Hacks 10 | . 10 Emergency Access Points 1 | . 1 Terminal Index 2 | . 2 Locate Traps 1 | . 1 Reprogram Traps 1 | . 1 Hauler Manifests 2 | . 2 Zone Layout 3 | . 3 Fabricator Hacks . | . . Repair Station Hacks . | . . Recycling Unit Hacks 1 | . 1 Report Inventory 1 | . 1 Scanalyzer . | . . Garrison Access Hacks . | . . Unauthorized Hacks 7 | . 7 Terminals 6 | . 6 Track 1 | . 1 Assimilate 2 | . 2 Botnet 2 | . 2 Operators 1 | . 1 Fabricators . | . . Repair Stations . | . . Recycling Units 1 | . 1 Tunnel 1 | . 1 Scanalyzers . | . . Garrison Access . | . . Data Cores Recovered . | . . Used . | . . Hacking Detections 5 | . 5 Full Trace Events 4 | . 4 Feedback Events 1 | . 1 Corruption 1 | . 1 Feedback Blocked . | . . Robot Schematics Acquired . | . . Robots Built . | . . Authchips . | . . Time . | . . Total Robot Build Rating . | . . Part Schematics Acquired . | . . Parts Built . | . . Authchips . | . . Time . | . . Total Part Build Rating . | . . Parts Repaired . | . . Time . | . . Parts Recycled . | . . Recycled Matter . | . . Retrieved Matter . | . . Retrieved Components . | . . Parts Scanalyzed . | . . Part Schematics Acquired . | . . Parts Damaged . | . . Bothacking | -11 -10 ------------ Run | Yrd Mat Used RIF Installer . | . . Robots Hacked . | . . Non-combat . | . . Combat . | . . Robot Hacks Applied . | . . Relay Couplers Released . | . . Fabnet Peak Effective % . | . . Robots Rewired . | . . Allies Hacked . | . . Hacks Repelled . | . . Allies | -11 -10 -------- Run | Yrd Mat Total Allies . | . . Largest Group . | . . Highest-Rated Group . | . . Highest-Rated Ally . | . . Total Orders . | . . Ally Attacks . | . . Total Damage . | . . Kills . | . . Allies Corrupted . | . . Allies Melted . | . . Intel | -11 -10 ------- Run | Yrd Mat Robot Analysis Total . | . . Derelict Logs Recovered . | . . Drone Launches . | . . Drone Recoveries . | . . Exploration | -11 -10 ------------- Run | Yrd Mat Turns Passed 1355 | 141 1214 Spaces Moved 595 | 47 548 Core 13 | 8 5 Treads 488 | 39 449 Legs 8 | . 8 Wheels . | . . Hover 86 | . 86 Flight . | . . Fastest Speed 50 | 50 56 Average Speed 169 | 141 172 Slowest Speed 700 | 160 700 Overloaded Moves . | . . Propulsion Burnouts . | . . Robots Hopped . | . . Cave-ins Triggered . | . . Exploration Rate (%) 33 | 5 62 Regions Visited 1 Branch Regions . Pre-discovered Areas 1 | . 1 Known Exits Taken . | . . Unknown Exits Taken 1 | 1 . Scrap Searched . | . . Spaces Dug . | . . Terrain Destroyed . | . . Melee . | . . Projectile . | . . AOE . | . . Terrain Rammed . | . . Walls Destroyed . | . . Machines Disabled . | . . Actions | -11 -10 --------- Run | Yrd Mat Total 776 | 87 689 Wait 23 | . 23 Move 594 | 46 548 Hop . | . . Pick Up 25 | 12 13 Fast Attach 2 | . 2 Attach 14 | 7 7 Detach . | . . Swap 4 | . 4 Drop 10 | . 10 Fire 104 | 22 82 Melee . | . . Ram . | . . Kick . | . . Crush . | . . Escape Stasis . | . . Rewire . | . . Trap . | . . Miscellaneous . | . . Route ------- -11/Scrapyard -10/Materials (discovered 2 exits: [*Mat x2]) History --------- Turn | Location | Event 19 | -11/Scrapyard | Discovered new exit (range 15) 142 | -11/Scrapyard | Entered Materials 328 | -10/Materials | Build established: Mutant 874 | -10/Materials | Discovered new exit (range 13) 1153 | -10/Materials | Discovered new exit (range 9) 1229 | -10/Materials | Core integrity fell below 50% 1261 | -10/Materials | Lost 4 parts (1p2n1w) 1292 | -10/Materials | Core integrity fell below 20% 1356 | -10/Materials | Destroyed by S-10 Pest with Light Assault Rifle Last Messages --------------- Found 1 trap in 1 array: 1x Alarm Trap Map updated. >>Traps(Reprogram) Reprogrammed 1 Alarm Trap. 01279_ K-01 Serf collects debris. 01291_ Acquired Aluminum Leg. 01292_ R-06 Scavenger collects Heat Sink. 01299_ K-01 Serf collects debris. 01305_ S-10 Pest destroyed. 01306_ K-01 Serf cleans the Integration Channel. 01311_ Lgt. Assault Rifle destroyed. 01314_ S-10 Pest destroyed. 01314_ R-06 Scavenger collects Lgt. Assault Rifle. 01315_ K-01 Serf collects debris. 01317_ R-06 Scavenger collects Lgt. Assault Rifle. 01340_ Plasma Cutter destroyed. 01345_ Hover Unit destroyed. 01346_ System corrupted: Energy discharge (-31). 01351_ Plasma Cutter destroyed. Map ----- +----------------------------------------------------+ | # """ #??????# #????????????????????? | | + """ #????###+###??????????????????? | | # """ #????# #??????????????????? | | # #????# #??????????????????? | | # #????# ===#??????????????????? | | ########????# ===#??????????????????? | | #???????????# ===#??????????????????? | | #???????????# #??????????????????? | | ^#???????????# #??????????????????? | | #???????????# #??????????????????? | | ????????????# """ #?????????+??+?????? | | ????????????# "T #??????????????????? | | ????????????# """ #??????????????????? | | ????????????# #??????????????????? | | ?##############+###??????????????????? | | % ###+####???????????? | | #???????????? | | < #???????????? | | """ """ #???????????? | | """"""""" #???????????? | | """"" ###############?????? | | ???T" # T ??????? | | # """ """ #?????? | | %+% """ """ #?????? | | ? ############ %# """ """ #?????? | | ??????????????# # @ #?????? | | ??????????????# # s #?????? | | ??????????????# ############+##?????? | | ??????????????# #???????????????????? | | ??????????????# ???????????????????? | | ??????????????# ????????????^??????? | | ??????????????# ???????????????????? | | ??????????????# ??????????????????? | | ??????????????# ##??????????????????? | | ??????????????# #???????????????????? | | ???????????+??# #???????????????????? | | ??????????????# ????????????????????? | | ??????????????+ ????????????????????? | | ??????????????# ????????????????????? | | ??????????????? ????????????????????? | | ??????????????????????????????????????? | | ??????????????????????????????????????? | | ??????????????????????????????????????? | | ??????????????????????????????????????? | | ??????????????????????????????????????? | | ??????????????????????????????????????? | | ??????????????????????????????????????? | | ??????????????????????????????????????? | | ??????????????????????????????????????? | | ??????????????????????????????????????? | +----------------------------------------------------+ Best States ------------- Heat Dissipation 25 Energy Generation 10 Energy Capacity 125 Matter Stores 236 Matter Capacity 300 Sight Range 16 Terrain Scan Density 10 Evasion (%) 53 Recoil Reduction 2 Offensive Hacking 10 Item Schematics ----------------- None Robot Schematics ------------------ None Fabricated ------------ Nothing Alien Tech Used ----------------- None Achievements -------------- None Challenges ------------ None Game ------ Seed SlugReflectiveWings Manual? 0 Play Time 00:16:41 Cumulative 18.5 hours Start 2024.04.03 @ 00:53:14 End 2024.04.03 @ 01:05:52 Sessions 1 Manual Loads 0 Difficulty Rogue Special Mode None Game No. 37 Rogue 37 Adventurer 0 Explorer 0 Win Type - Total 0 Types 0/0/0/0/0/0/0/0/0 Lore% 16 Gallery% 19 Achievement% 19 Wizard Run 0 Options --------- Layout 0 ASCII 0 Keyboard 0 Movement Mouse Keybinds 0 Fullscreen 1 Font 24/Smallcaps Map View 76x50 Zoom Use 0% Tactical HUD 1 Map Filters NONE Filters NONE Steam 1 RUN: 5c42bd63-7fe1-4e85-902d-5c96089e70f0